 Dungeon Crawl Stone Soup version 0.20.1-1-g8b1a95d (webtiles) character file.

5026 Harlock the Basher (level 10, -6/64 HPs)
             Began as a Gargoyle Berserker on Aug 22, 2017.
             Was a Priest of Trog.
             Mangled by a yak (8 damage)
             ... on level 9 of the Dungeon.
             The game lasted 00:50:00 (8117 turns).

Harlock the Basher (Gargoyle Berserker)             Turns: 8117, Time: 00:50:00

Health: -6/64      AC: 26    Str: 24    XL:     10   Next: 55%
Magic:  10/10      EV: 13    Int:  8    God:    Trog [***...]
Gold:   318        SH:  2    Dex:  9    Spells: 9/9 levels left

rFire    . . .     SeeInvis .   H - +2 flail (protect)
rCold    . . .     Gourm    .   (no shield)
rNeg     + + .     Faith    .   q - +3 ring mail
rPois    ∞         Spirit   .   s - +0 helmet
rElec    +         Reflect  +   (no cloak)
rCorr    .         Harm     .   t - +0 pair of gloves
MR       ++...                  (no boots)
Stlth    +.........             b - +2 amulet of reflection
Regen    1.2/turn               e - ring of positive energy
MPRegen  0.2/turn               j - ring of poison resistance

@: protection aura, regenerating
A: negative energy resistance 1, electricity resistance, unbreathing,
petrification resistance, rot immunity, AC +7
a: Berserk, Trog's Hand, Burn Spellbooks, Renounce Religion


You were on level 9 of the Dungeon.
You worshipped Trog.
Trog was most pleased with you.
You were full.

You visited 1 branch of the dungeon, and saw 9 of its levels.

You collected 478 gold pieces.
You spent 160 gold pieces at shops.

Inventory:

Hand Weapons
 a - a +0 quarterstaff
 f - a +1 dagger of pain
 k - a +2 long sword of electrocution
 o - a +0 short sword
 H - a +2 flail of protection (weapon)
Armour
 q - a +3 ring mail (worn)
 s - a +0 helmet (worn)
 t - a +0 pair of gloves (worn)
 C - a +0 plate armour
Jewellery
 b - a +2 amulet of reflection (around neck)
 e - a ring of positive energy (left hand)
 j - a ring of poison resistance (right hand)
Wands
 y - a wand of lightning (0/15)
 D - a wand of digging (18/24)
Scrolls
 c - 2 scrolls of remove curse
 i - 4 scrolls of teleportation
 l - 3 scrolls of immolation
 r - a scroll of recharging {unknown}
 z - a scroll of enchant armour
 B - 2 scrolls of amnesia {unknown}
 F - a scroll of identify
 G - a scroll of noise {unknown}
Potions
 g - a potion of brilliance {unknown}
 h - 2 potions of might
 m - 2 potions of flight {unknown}
 n - a potion of curing
 u - 2 potions of cancellation
 v - a potion of ambrosia {unknown}
 w - a potion of lignification
 x - a potion of resistance
Books
 E - a book of Clouds

   Spells                             Type                      Level
   a - Poisonous Vapours              Poison/Air                   2
   b - Mephitic Cloud                 Conjuration/Poison/Air       3
   c - Conjure Flame                  Conjuration/Fire             3
   d - Freezing Cloud                 Conjuration/Ice/Air          6
   e - Ring of Flames                 Charms/Fire                  7
   Trog disapproves of the use of such an item.
Comestibles
 d - 3 meat rations
 p - 3 royal jellies
 A - a bread ration


   Skills:
 + Level 7.6 Fighting
 + Level 11.4 Maces & Flails
 + Level 7.0 Armour
 + Level 4.6 Dodging
 + Level 2.1 Stealth
 + Level 0.3 Evocations


You had 9 spell levels left.
You didn't know any spells.

Dungeon Overview and Level Annotations

Branches:
Dungeon (9/15)             Temple (0/1) D:7            Lair (0/6) D:8
    Orc: D:9-12

Altars:
Ashenzari
Dithmenos
Elyvilon
Gozag
Hepliaklqana
Kikubaaqudgha
Makhleb
Ru
Trog
Uskayaw
Xom
Zin

Shops:
D:5 !   D:8 [


Innate Abilities, Weirdness & Mutations

You are resistant to torment.
Your stone body is resilient. (AC +7)
You are immune to poison.
You resist negative energy. (rN+)
You are resistant to electric shocks. (rElec)
You can survive without breathing.
You are immune to petrification.
You are immune to rotting.


Message History

The yak is severely wounded.
The yak gores you but does no damage. x2
You feel better. The yak gores you!
* * * LOW HITPOINT WARNING * * *
The yak gores you!
* * * LOW HITPOINT WARNING * * *
The yak closely misses you.
You feel better. The yak gores you but does no damage. The yak gores you.
* * * LOW HITPOINT WARNING * * *
The yak gores you but does no damage.
You hit the yak.
The yak is almost dead.
The yak gores you but does no damage. The yak closely misses you.
The yak gores you but does no damage.
You barely miss the yak.
The yak is almost dead.
You block the yak's attack. The yak gores you!
* * * LOW HITPOINT WARNING * * *
The yak gores you!
You die...

#... ..# ....# .... ..# .... ....
#.# ...# ....###.# .... ........#
.... ........+ ....
........############## ....
................Y....#######+####
#..###.........Y@................
# #.........Y............#....
#......................#....
#......................#....
.........................#....
...............................
###############################


You could see 3 yaks.

Vanquished Creatures
  2 two-headed ogres (D:8)
  Grinder (D:6)
  The ghost of p0werm0de the Chopper, an amateur DsBe of Trog (D:5)
  2 orc warriors
  2 sky beasts
  An ice beast (D:8)
  9 ogres
  An eye of draining (D:8)
  A phantom (D:4)
  2 centaurs
  5 bullfrogs
  4 scorpions
  2 howler monkeys (D:7)
  6 crimson imps
  3 bullfrog zombies
  A jelly (D:6)
  2 bullfrog skeletons
  4 orc priests
  4 hounds
  7 orc wizards
  3 iguanas
  3 worker ants
  Terence (D:2)
  A hound skeleton (D:9)
  A mummy (D:6)
  3 worker ant zombies
  9 adders
  3 shadow imps
  An ooze (D:2)
  6 worms
  3 dart slugs
  10 leopard geckos
  32 orcs
  A ball python (D:4)
  A bat (D:3)
  10 giant cockroaches
  11 goblins
  15 hobgoblins
  9 kobolds
  3 quokkas
  5 frilled lizards
  A kobold zombie (D:6)
  An orc zombie (D:6)
  A quokka zombie (D:5)
  4 rats
198 creatures vanquished.

Notes
Turn   | Place    | Note
-------+----------+-------------------------------------------
     0 | D:1      | Harlock the Gargoyle Berserker began the quest for the Orb.
     0 | D:1      | Reached XP level 1. HP: 14/14 MP: 1/1
   415 | D:1      | Reached XP level 2. HP: 19/19 MP: 2/2
   947 | D:2      | Found a shimmering altar of Xom.
   947 | D:2      | Noticed an angel
   958 | D:2      | Reached XP level 3. HP: 19/23 MP: 3/3
   961 | D:2      | Found a glowing silver altar of Zin.
  1047 | D:2      | Found a faded altar of an unknown god.
  1220 | D:2      | Reached skill level 4 in Maces & Flails
  1265 | D:2      | Reached XP level 4. HP: 21/29 MP: 4/4
  1273 | D:2      | Reached ** piety under Trog
  1452 | D:2      | Found an opulent altar of Gozag.
  1740 | D:3      | Noticed Terence
  1766 | D:2      | Killed Terence
  1880 | D:3      | Reached XP level 5. HP: 33/33 MP: 5/5
  2119 | D:3      | Found a shattered altar of Ashenzari.
  2284 | D:3      | Noticed an orc warrior
  2310 | D:3      | Killed an orc warrior
  2310 | D:3      | Reached skill level 5 in Maces & Flails
  2310 | D:3      | Reached XP level 6. HP: 13/38 MP: 6/6
  2787 | D:4      | Found a bloodstained altar of Trog.
  3009 | D:4      | Noticed a phantom
  3056 | D:4      | Killed a phantom
  3056 | D:4      | Reached XP level 7. HP: 37/44 MP: 7/7
  3383 | D:4      | Reached skill level 6 in Maces & Flails
  3615 | D:5      | Entered Level 5 of the Dungeon
  3644 | D:5      | Reached *** piety under Trog
  3653 | D:5      | Found Niutz's Distillery.
  3658 | D:5      | Bought a potion of resistance for 100 gold pieces
  3658 | D:5      | Bought a potion of curing for 30 gold pieces
  3658 | D:5      | Bought a potion of curing for 30 gold pieces
  3766 | D:5      | Noticed p0werm0de's ghost (amateur DsBe)
  3805 | D:5      | Killed p0werm0de's ghost
  3805 | D:5      | Reached skill level 5 in Armour
  3841 | D:5      | Reached XP level 8. HP: 40/48 MP: 8/8
  3954 | D:5      | Reached skill level 7 in Maces & Flails
  3962 | D:5      | Reached skill level 5 in Fighting
  4026 | D:5      | Found a shadowy altar of Dithmenos.
  4091 | D:5      | Found a hide-covered altar of Uskayaw.
  4672 | D:5      | Reached skill level 8 in Maces & Flails
  4825 | D:6      | Reached skill level 1 in Stealth
  5336 | D:6      | Noticed Grinder
  5339 | D:6      | Paralysed by Grinder for 5 turns
  5357 | D:6      | Paralysed by Grinder for 5 turns
  5371 | D:6      | Killed Grinder
  5371 | D:6      | Reached XP level 9. HP: 43/55 MP: 9/9
  5768 | D:7      | Reached skill level 9 in Maces & Flails
  5999 | D:7      | Found a staircase to the Ecumenical Temple.
  6281 | D:7      | Found a burning altar of Makhleb.
  6293 | D:7      | Found a hazy altar of Hepliaklqana.
  6328 | D:7      | Found an ancient bone altar of Kikubaaqudgha.
  6340 | D:7      | Found a white marble altar of Elyvilon.
  6387 | D:7      | Found a sacrificial altar of Ru.
  7049 | D:8      | Reached skill level 10 in Maces & Flails
  7250 | D:8      | Noticed a two-headed ogre
  7275 | D:8      | Killed a two-headed ogre
  7275 | D:8      | Reached XP level 10. HP: 63/63 MP: 10/10
  7308 | D:8      | Found Ymuj's Armour Emporium.
  7308 | D:8      | Noticed a two-headed ogre
  7326 | D:8      | Killed a two-headed ogre
  7326 | D:8      | Reached skill level 11 in Maces & Flails
  7477 | D:8      | Found a staircase to the Lair.
  7998 | D:9      | Reached **** piety under Trog
  8114 | D:9      | HP: 3/64 [yak (10)]
  8117 | D:9      | Mangled by a yak

Skill      XL: |  1  2  3  4  5  6  7  8  9 10 |
---------------+-------------------------------+-----
Maces & Flails | 4 5 6 8 10 11 | 11.4
Fighting       | 4 6 7 |  7.6
Armour         | 3 4 5 6 7 |  7.0
Dodging        | 2 3 4 |  4.6
Stealth        | 1 2 |  2.1
Evocations     | |  0.3

Action                   |  1- 3 |  4- 6 |  7- 9 | 10-12 || total
-------------------------+-------+-------+-------+-------++-------
Melee: Mace              |    80 |   259 |   607 |       ||   946
       Flail             |       |       |    31 |    93 ||   124
Invok: Trog's Hand       |       |     5 |    11 |     2 ||    18
       Berserk           |       |     1 |       |       ||     1
Evoke: Wand              |       |       |     3 |       ||     3
  Use: Potion            |       |     5 |     2 |     2 ||     9
       Scroll            |       |     5 |     8 |       ||    13
  Eat: Meat ration       |     1 |       |     2 |     1 ||     4
       Bread ration      |       |     1 |     3 |       ||     4
Armor: Animal skin       |     2 |       |       |       ||     2
       Ring mail         |    22 |   115 |   121 |    43 ||   301
       Chain mail        |       |    50 |   167 |       ||   217
Dodge: Dodged            |    59 |   216 |   271 |    51 ||   597
Block: Other             |       |     8 |    24 |     9 ||    41
       Reflection        |       |       |     2 |       ||     2
